 Dungeon Crawl Stone Soup version 0.30-a0-862-g1aabd4f9c5 (webtiles) character file.

Game seed: 3233350439099412263

72 bobo the Gusty (level 4, -2/30 HPs)
             Began as a Human Air Elementalist on Mar 9, 2023.
             Slain by Crazy Yiuf
             ... wielding a +2 quarterstaff of chaos
              (8 damage)
             ... on level 2 of the Dungeon.
             The game lasted 00:09:04 (2128 turns).

bobo the Gusty (Human Air Elementalist)             Turns: 2128, Time: 00:09:05

Health: -2/30      AC:  2    Str:  9    XL:     4   Next: 50%
Magic:  5/8        EV: 12    Int: 17    God:
Gold:   102        SH:  0    Dex: 13    Spells: 2/8 levels left

rFire   . . .      SeeInvis .    j - +0 sling
rCold   . . .      Faith    .    (no shield)
rNeg    . . .      Spirit   .    a - +0 robe
rPois   .          Reflect  .    (no helmet)
rElec   .          Rampage  .    (no cloak)
rCorr   .                        (no gloves)
Will    .....                    (no boots)
Stlth   ++                       (no amulet)
HPRegen 0.25/turn                (no ring)
MPRegen 0.11/turn                (no ring)

@: swift (expiring), about to teleport, quick
A: no striking features
a: no special abilities


You were on level 2 of the Dungeon.
You visited 1 branch of the dungeon, and saw 2 of its levels.

You collected 102 gold pieces.

Inventory:

Hand Weapons
 j - a +0 sling (weapon)
Armour
 a - a +0 robe (worn)
Scrolls
 d - a scroll of teleportation
 e - 2 scrolls of magic mapping {unknown}
 i - a scroll of identify {unknown}
 k - a scroll of enchant weapon {unknown}
Potions
 b - 3 potions of magic
 c - a potion of cancellation {unknown}
 f - a potion of attraction {unknown}
 g - 2 potions of curing {unknown}
 h - a potion of haste


   Skills:
 - Level 2.0 Dodging
 + Level 2.8 Stealth
 + Level 2.7 Spellcasting
 - Level 2.0 Conjurations
 + Level 3.5 Air Magic


You had 2 spell levels left.
You knew the following spells:

 Your Spells              Type           Power      Damage    Failure   Level
a - Shock                 Conj/Air       44%        1d5       6%          1
e - Swiftness             Air            14%        N/A       12%         3
s - Static Discharge      Conj/Air       22%        2-3/arc   9%          2

Your spell library contained the following spells:

 Spells                   Type           Power      Damage    Failure   Level
 Airstrike                Air            7%         2d(1-17)  38%         4


Dungeon Overview and Level Annotations

Branches:
Dungeon (2/15)

Altars:

Annotations:
D:2 Crazy Yiuf


Message History

A hobgoblin comes into view.
You shoot a sling bullet.
The sling bullet hits the hobgoblin but does no damage.
The hobgoblin shouts!
You shoot a sling bullet.
The sling bullet barely misses the hobgoblin.
You shoot a sling bullet. The sling bullet hits the hobgoblin.
The hobgoblin is moderately wounded.
You shoot a sling bullet. The sling bullet hits the hobgoblin.
You kill the hobgoblin!
Search for what [? for help]? bow Can't find anything matching that.
Unknown command.
Found a stone staircase leading down.
You see here a hobgoblin corpse.
k - a scroll labelled CEIMITS PILIMAS You see here a hobgoblin corpse.
There is a stone staircase leading up here.
Found a hammer.
Found a runed translucent door.
Crazy Yiuf shouts!
Casting: Shock (safe; 6% risk of failure)
Confirm with . or Enter, or press ? or * to list all spells.
The spell is quite dangerous to miscast (12% risk of failure)!
Continue anyway?
You feel quick.
You open the door.
Crazy Yiuf drinks a potion.
Crazy Yiuf seems to speed up.
Crazy Yiuf says, "Crazy?
Crazy!?
PORCUPINE!"
Crazy Yiuf attacks as you move away!
Crazy Yiuf hits you with a +2 quarterstaff of chaos!
You are electrocuted!
* * * LOW HITPOINT WARNING * * *
Crazy Yiuf attacks as you move away! Crazy Yiuf barely misses you.
Crazy Yiuf says, "Hah light Orb Guardian!"
Crazy Yiuf attacks as you move away! Crazy Yiuf barely misses you.
You start to feel a little slower.
Okay, then.
As you read the scroll labelled KAELEW POAFUM, it crumbles to dust.
You feel strangely unstable.
It was a scroll of teleportation.
Crazy Yiuf hits you with a +2 quarterstaff of chaos!
You die...

#.....# ###.#.# #..[....
###.### ##.....# #.......
#.†# ##.....## #.......
#..# #.###### #####..#
#####..#####.# ##.#
#.........##.# #.#
#............#### ### #..
#.....<...#.....## ###..)#
###.
######)####....@g####.'...#
#... #.# ##......#..##...#
###. #.# ##....#.### ###
#... #.# ######## #.#. #.#
#.). #.# ###############
##.# #.#
#.>..##.......####.# #.#
#.)..#......###..... #.#
###.##........###.....


You could see Crazy Yiuf (fast).

Vanquished Creatures
  An adder (D:2)
  2 worms
  A dart slug (D:1)
  An orc (D:2)
  2 ball pythons (D:1)
  7 bats
  5 endoplasms
  2 giant cockroaches (D:2)
  6 goblins
  8 hobgoblins
  3 jackals (D:2)
  5 kobolds
  A quokka (D:1)
  2 frilled lizards
  3 rats
49 creatures vanquished.

Notes
Turn   | Place    | Note
-------+----------+-------------------------------------------
     0 | D:1      | bobo the Human Air Elementalist began the quest for the
                  | Orb.
     0 | D:1      | Reached XP level 1. HP: 13/13 MP: 3/3
   245 | D:1      | Reached XP level 2. HP: 18/19 MP: 5/5
   248 | D:1      | Learned a level 2 spell: Static Discharge
   551 | D:1      | Reached XP level 3. HP: 24/24 MP: 2/6
  1189 | D:2      | Learned a level 3 spell: Swiftness
  1641 | D:2      | Reached XP level 4. HP: 25/30 MP: 1/7
  2116 | D:2      | Found a runed translucent door.
  2117 | D:2      | Noticed Crazy Yiuf
  2128 | D:2      | Slain by Crazy Yiuf

Illustrated notes

Levels and vault maps discovered:
D:1:      minmay_arrival_widening_spiral_wide, layout_basic
D:2:      layout_rooms, uniq_crazy_yiuf_cottage

Skill      XL: |  1  2  3 |
---------------+----------+-----
Conjurations   | 2 |  2.0
Dodging        | |  2.0
Stealth        | |  2.8
Spellcasting   | |  2.7
Air Magic      | |  3.5

Action                     |  1- 3 |  4- 6 || total
---------------------------+-------+-------++-------
  Melee: Dagger            |    10 |       ||    10
         Unarmed           |     3 |       ||     3
   Fire: Sling             |    27 |    21 ||    48
   Cast: Shock             |    73 |    17 ||    90
         Static Discharge  |     4 |       ||     4
         Swiftness         |       |     1 ||     1
    Use: Scroll            |       |     1 ||     1
 Armour: Robe              |     2 |       ||     2
  Dodge: Dodged            |    24 |    10 ||    34

Table legend: (Time is in decaauts)
 A = Elapsed time spent in this place.
 B = Non-inter-level travel time spent in this place.
 C = Inter-level travel time spent in this place.
 D = Time resting spent in this place.
 E = Time spent auto-exploring this place.
 F = Levels seen in this place.
 G = Mean time per level.
                   A        B        C        D        E       F      G
               +--------+--------+--------+--------+--------+-----+--------+
         Total |   2146 |   2059 |     87 |    335 |   1241 |   2 | 1073.0 |
       Dungeon |   2146 |   2059 |     87 |    335 |   1241 |   2 | 1073.0 |
               +--------+--------+--------+--------+--------+-----+--------+

Top non-repeatable levels by time:
     D:1: 1277 daAuts
     D:2: 868 daAuts
